 Dungeon Crawl Stone Soup version 0.26.1-11-gd32895ea62 (webtiles) character file.

Game seed: 6130544355653729333

963 Zeld the Cleaver (level 7, -3/85 HPs)
             Began as a Minotaur Berserker on May 24, 2021.
             Was a Priest of Trog.
             Slain by an ufetubus (4 damage)
             ... on level 5 of the Dungeon.
             The game lasted 00:04:56 (6331 turns).

Zeld the Cleaver (Minotaur Berserker)               Turns: 6331, Time: 00:04:57

Health: -3/85      AC:  1    Str: 23    XL:     7   Next: 92%
Magic:  6/6        EV:  2    Int:  4    God:    Trog [***...]
Gold:   345        SH:  0    Dex: -12 (10)Spells: 6/6 levels left

rFire    . . .     SeeInvis .   u - +1 hand axe (vamp)
rCold    . . .     Faith    .   (no shield)
rNeg     . . .     Spirit   .   (no armour)
rPois    .         Reflect  .   (helmet restricted)
rElec    .         Harm     .   e - scarf {repulsion}
rCorr    .         Rampage  .   r - +0 pair of gloves (curse)
Will     .....                  (no boots)
Stlth    ..........             (no amulet)
HPRegen  0.24/turn              (no ring)
MPRegen  0.10/turn              (no ring)

@: berserking, slowed, lost dexterity, repel missiles
A: retaliatory headbutt, horns 2
a: Renounce Religion, Berserk, Trog's Hand


You were on level 5 of the Dungeon.
You worshipped Trog.
Trog was most pleased with you.
You visited 1 branch of the dungeon, and saw 5 of its levels.

You collected 345 gold pieces.

Inventory:

Hand Weapons
 t - a +1 hand axe of electrocution
 u - a +1 vampiric hand axe (weapon)
Armour
 e - a scarf of repulsion (worn)
 r - a cursed +0 pair of gloves (worn)
Jewellery
 p - a cursed ring of teleportation {unknown}
 A - an uncursed ring of flight {unknown}
Wands
 o - a wand of random effects (8)
Scrolls
 b - a scroll of enchant armour {unknown}
 d - 2 scrolls of random uselessness {unknown}
 f - 3 scrolls of amnesia {unknown}
 g - 3 scrolls of immolation {unknown}
 h - 2 scrolls of enchant weapon {unknown}
 j - a scroll of fear {unknown}
 k - a scroll of teleportation {unknown}
 q - 2 scrolls of identify {unknown}
 s - 2 scrolls of magic mapping {unknown}
 v - 2 scrolls of blinking {unknown}
 x - a scroll of fog {unknown}
 y - a scroll of noise {unknown}
 z - a scroll of remove curse {unknown}
Potions
 a - a potion of mutation {unknown}
 c - 6 potions of curing {unknown}
 i - a potion of might {unknown}
 l - a potion of heal wounds {unknown}
 m - 3 potions of lignification {unknown}
 n - a potion of magic {unknown}
 w - a potion of flight {unknown}


   Skills:
 - Level 3.6 Fighting
 * Level 11.3 Axes
 - Level 2.4 Armour
 - Level 2.1 Dodging


You had 6 spell levels left.
You didn't know any spells.
Your spell library was empty.

Dungeon Overview and Level Annotations

Branches:
Dungeon (5/15)
 Temple: D:4-7

Altars:
Dithmenos
Nemelex Xobeh
Trog


Innate Abilities, Weirdness & Mutations

You reflexively headbutt those who attack you in melee.
You have a pair of horns on your head.


Message History

You are too injured to fight recklessly!
You barely miss the ufetubus.
The ufetubus hits you but does no damage.
The ufetubus hits you.
* * * LOW HITPOINT WARNING * * *
The ufetubus hits you but does no damage. x2
You are too injured to fight recklessly!
You are too injured to fight recklessly!
You barely miss the ufetubus. The ufetubus barely misses you.
The ufetubus hits you.
* * * LOW HITPOINT WARNING * * *
A red film seems to cover your vision as you go berserk!
You feel yourself moving faster!
You feel mighty! The ufetubus hits you.
* * * LOW HITPOINT WARNING * * *
The ufetubus hits you.
* * * LOW HITPOINT WARNING * * *
The ufetubus hits you.
* * * LOW HITPOINT WARNING * * *
The ufetubus hits you.
You die...

########## #........# ######
#........# #....#
#######........#########....#
.........................>..#
...............########.....#
#######........# #.....#
#........# #.(...# ######@###
#.##### #5# #.# #r. #.# #..#
#.# #... #.# #.#.# #.# #.#..
#.# #.##.# #.# #.#


You could see an ufetubus and a quokka.

Vanquished Creatures
  2 phantoms
  An ogre (D:5)
  A quasit (D:5)
  2 hounds (D:4)
  3 orc priests
  7 orc wizards
  Crazy Yiuf (D:2)
  A bullfrog skeleton (D:4)
  An iguana (D:4)
  2 worker ants
  8 adders
  A shadow imp (D:5)
  2 white imps (D:5)
  2 dart slugs
  3 leopard geckos
  17 orcs
  3 giant cockroaches
  6 goblins
  9 hobgoblins
  4 quokkas
  A ball python (D:3)
  8 bats
  7 frilled lizards
  8 kobolds
  A leopard gecko skeleton (D:4)
  6 rats
107 creatures vanquished.

Vanquished Creatures (others)
  2 fungi (D:2)
2 creatures vanquished.

Grand Total: 109 creatures vanquished

Notes
Turn   | Place    | Note
-------+----------+-------------------------------------------
     0 | D:1      | Zeld the Minotaur Berserker began the quest for the Orb.
     0 | D:1      | Reached XP level 1. HP: 19/19 MP: 0/0
   158 | D:1      | Reached skill level 4 in Axes
   757 | D:1      | Reached XP level 2. HP: 22/26 MP: 1/1
  1417 | D:2      | Reached skill level 5 in Axes
  1535 | D:2      | Reached XP level 3. HP: 27/31 MP: 2/2
  1739 | D:2      | Found a runed translucent door.
  1740 | D:2      | Noticed Crazy Yiuf
  2013 | D:2      | Found a bloodstained altar of Trog.
  2015 | D:2      | Found a shadowy altar of Dithmenos.
  2023 | D:2      | Reached ** piety under Trog
  2114 | D:2      | Found a sparkling altar of Nemelex Xobeh.
  2369 | D:2      | Killed Crazy Yiuf
  2370 | D:2      | Reached XP level 4. HP: 33/39 MP: 3/3
  2501 | D:3      | Reached skill level 6 in Axes
  3951 | D:3      | Reached XP level 5. HP: 43/45 MP: 4/4
  4049 | D:3      | Reached skill level 7 in Axes
  4285 | D:4      | Noticed a phantom
  4474 | D:4      | Killed a phantom
  4475 | D:4      | Reached skill level 8 in Axes
  4475 | D:4      | Reached XP level 6. HP: 33/51 MP: 5/5
  4550 | D:4      | Reached skill level 9 in Axes
  4760 | D:4      | Reached *** piety under Trog
  4950 | D:4      | Reached XP level 7. HP: 57/57 MP: 6/6
  5250 | D:5      | Entered Level 5 of the Dungeon
  5286 | D:5      | Reached skill level 10 in Axes
  5360 | D:5      | Lost dexterity.
  5366 | D:5      | HP: 4/85 [quasit (1)]
  5844 | D:5      | Reached skill level 11 in Axes
  6331 | D:5      | HP: 4/85 [ufetubus (5)]
  6331 | D:5      | HP: 1/85 [ufetubus (3)]
  6331 | D:5      | Slain by an ufetubus

Illustrated notes

Levels and vault maps discovered:
D:1:      dpeg_arrival_tiny_a, layout_loops_ring
D:2:      layout_loops_corners, grunt_temple_overflow_open,
          nemelex_spade_bored_becter, uniq_crazy_yiuf_cottage
D:3:      layout_loops_corners, minmay_fountain_box, guppyfry_early_orc_mine
D:4:      layout_rooms
D:5:      layout_basic

Skill      XL: |  1  2  3  4  5  6  7 |
---------------+----------------------+-----
Axes           | 4 5 6 8 9 11 | 11.3
Fighting       | |  3.6
Armour         | |  2.4
Dodging        | |  2.1

Action                   |  1- 3 |  4- 6 |  7- 9 || total
-------------------------+-------+-------+-------++-------
Melee: Hand axe          |    60 |   130 |    93 ||   283
       Headbutt          |     6 |    22 |     5 ||    33
Invok: Berserk           |     1 |     5 |     5 ||    11
       Trog's Hand       |       |       |     1 ||     1
Armor: Skin              |       |     4 |    16 ||    20
Dodge: Dodged            |    37 |    94 |    41 ||   172
       Repelled          |     1 |     1 |     1 ||     3
